 Dungeon Crawl Stone Soup version 0.28-a0-536-g4f1c8046e5 (webtiles) character file.

Game seed: 422756195088398367

267 IndexError the Skirmisher (level 6, -1/49 HPs)
             Began as a Djinni Cinder Acolyte on Sept 27, 2021.
             Was an Elder of Ignis.
             Slain by an ufetubus (2 damage)
             ... on level 5 of the Dungeon.
             The game lasted 00:03:21 (3630 turns).

IndexError the Skirmisher (Djinni Cinder Acolyte)   Turns: 3630, Time: 00:03:22

Health: -1/49      AC:  2    Str: 13    XL:     6   Next: 45%
Gold:   92         EV: 11    Int: 17    God:    Ignis [****..] SH:  0 Dex:  9

rFire   + + +      SeeInvis .   a - -1 falchion (flame)
rCold   x . .      Faith    .   (no shield)
rNeg    . . .      Spirit   .   b - +0 robe
rPois   ∞          Reflect  .   (helmet currently unavailable)
rElec   .          Harm     .   (no cloak)
rCorr   .          Rampage  .   (no gloves)
Will    .....                   (boots unavailable)
Stlth   +.........              (no amulet)
HPRegen 0.16/turn               p - ring of wizardry {Wiz+, !d}
MPRegen 0.00/turn               (no ring)

@: appendages, rising, flying
A: horns 2, flying, sickness immunity, fire resistance 2, cold vulnerability 1,
float, innate caster, hp casting, extra vitality 1
a: End Transformation, Renounce Religion, Sea of Fire, Foxfire Swarm, Rising
Flame


You were on level 5 of the Dungeon.
You worshipped Ignis.
Ignis was greatly pleased with you.
You had temporarily grown beastly horns.
You visited 1 branch of the dungeon, and saw 5 of its levels.

You collected 92 gold pieces.

Inventory:

Hand Weapons
 a - a -1 falchion of flaming (weapon)
Armour
 b - a +0 robe (worn)
Jewellery
 p - a ring of wizardry (left hand) {Wiz+, !d}
   (You found it on level 6 of the Dungeon)
Wands
 q - a wand of flame (11)
   (You found it on level 5 of the Dungeon)
Scrolls
 d - a scroll of brand weapon {unknown}
 f - 2 scrolls of amnesia {unknown}
 g - a scroll of silence {unknown}
 h - a scroll of fog {unknown}
 k - a scroll of identify {unknown}
 l - a scroll of magic mapping {unknown}
 n - 2 scrolls of blinking {unknown}
 o - a scroll of teleportation {unknown}
Potions
 c - a potion of degeneration {unknown}
 e - a potion of curing {unknown}
 i - a potion of magic {unknown}
 j - a potion of mutation {unknown}
 m - 2 potions of attraction {unknown}


   Skills:
 + Level 5.2 Fighting
 - Level 2.6 Long Blades
 + Level 4.0 Spellcasting


You had 8 spell levels left.
You knew the following spells:

 Your Spells              Type           Power      Damage    Failure   Level
a - Scorch                Fire           34%        2d6       1%          2
b - Beastly Appendage     Tmut           34%        N/A       1%          1
c - Poisonous Vapours     Pois/Air       34%        N/A       1%          2
Your spell library was empty.

Dungeon Overview and Level Annotations

Branches:
Dungeon (6/15)
 Temple: D:4-7

Altars:
Hepliaklqana
Nemelex Xobeh


Innate Abilities, Weirdness & Mutations

You have temporarily grown beastly horns.
You are flying.
You are immune to sickness and miasma.
You are immune to poison.
Your flesh is very heat resistant. (rF++)
You are vulnerable to cold. (rC-)
You float through the air rather than walking.
You learn spells naturally, not from books.
Your magical power is your life essence.
You have superior vitality. (+4 HP)


Message History

The foxfire hits the hound zombie.
Health restored: 42 You hit the hound zombie.
You burn the hound zombie.
Casting: Scorch (safe; 2% risk of failure)
Confirm with . or Enter, or press ? or * to list all spells.
Flames lash the necrophage.
The necrophage's fire resistance burns away.
The adder bites you.
You take 7 damage, and have 35/42 hp.
Casting: Scorch (safe; 2% risk of failure)
Confirm with . or Enter, or press ? or * to list all spells.
Flames lash the adder.
The adder's fire resistance burns away.
The adder barely misses you. The necrophage hits you.
You take 4 damage, and have 31/42 hp.
Casting: Scorch (safe; 2% risk of failure)
Confirm with . or Enter, or press ? or * to list all spells.
Flames lash the adder.
The adder is burned terribly!
The necrophage hits you.
You take 5 damage, and have 26/42 hp.
Casting: Scorch (safe; 2% risk of failure)
Confirm with . or Enter, or press ? or * to list all spells.
Flames lash the necrophage.
The necrophage is burned terribly!
The necrophage closely misses you.
You take 2 damage, and have 24/42 hp.
Casting: Scorch (safe; 2% risk of failure)
Confirm with . or Enter, or press ? or * to list all spells.
Flames lash the necrophage.
The necrophage is burned terribly!
Your Fighting skill increases to level 5!
Your Spellcasting skill increases to level 4!
You have reached level 6!
Your experience leads to an increase in your attributes!
Increase (s)trength, (i)ntelligence, or (d)exterity?
You feel clever.
You regained 2 hp, and now have 26/49 hp.
You reach down and open the door.
There is an open door here.
You reach down and open the door.
There is an open door here.
An ufetubus comes into view.
The ufetubus shouts!
Health restored: 49 The ufetubus hits you.
The ufetubus barely misses you. The ufetubus completely misses you.
The ufetubus hits you.
You take 7 damage, and have 42/49 hp.
You barely miss the ufetubus. The ufetubus barely misses you.
The ufetubus misses you.
You hit the ufetubus but do no damage. The ufetubus hits you.
The ufetubus barely misses you. The ufetubus completely misses you.
The ufetubus barely misses you.
You take 3 damage, and have 39/49 hp.
You hit the ufetubus but do no damage. The ufetubus hits you.
The ufetubus hits you but does no damage.
The ufetubus hits you. The ufetubus barely misses you.
You take 5 damage, and have 34/49 hp.
You hit the ufetubus but do no damage. The ufetubus barely misses you.
The ufetubus closely misses you. The ufetubus barely misses you.
The ufetubus misses you.
Casting: Scorch (safe; 1% risk of failure)
Confirm with . or Enter, or press ? or * to list all spells.
You grow a pair of large bovine horns.
The ufetubus closely misses you. The ufetubus barely misses you.
You take 1 damage, and have 33/49 hp.
You barely miss the ufetubus.
The ufetubus hits you but does no damage.
The ufetubus barely misses you. x3
You closely miss the ufetubus. The ufetubus completely misses you.
The ufetubus barely misses you.
The ufetubus hits you but does no damage.
The ufetubus hits you.
You take 2 damage, and have 31/49 hp.
You hit the ufetubus but do no damage. Your headbutt misses the ufetubus.
The ufetubus hits you. The ufetubus closely misses you. x2
The ufetubus hits you.
You take 5 damage, and have 26/49 hp.
You closely miss the ufetubus. The ufetubus hits you.
The ufetubus closely misses you.
You take 3 damage, and have 23/49 hp.
You barely miss the ufetubus.
Your transformation is almost over.
The ufetubus hits you. x2; The ufetubus barely misses you. x2
You take 7 damage, and have 16/49 hp.
You completely miss the ufetubus. The ufetubus closely misses you.
The ufetubus hits you.
* * * LOW HITPOINT WARNING * * *
The ufetubus misses you. The ufetubus hits you.
* * * LOW HITPOINT WARNING * * *
You take 7 damage, and have 9/49 hp.
Casting: Beastly Appendage (safe; 1% risk of failure)
Confirm with . or Enter, or press ? or * to list all spells.
You extend your transformation's duration.
* * * LOW HITPOINT WARNING * * *
The ufetubus hits you.
* * * LOW HITPOINT WARNING * * *
The ufetubus hits you.
* * * LOW HITPOINT WARNING * * *
You take 7 damage, and have 2/49 hp.
You begin to rise into the air.
The ufetubus closely misses you. The ufetubus misses you.
The ufetubus hits you.
* * * LOW HITPOINT WARNING * * *
The ufetubus hits you.
You die...

#..#########
...........#
...........#
...........#
#.......?.....#
♣.............#
.........5....#
......# #@..#
..≈≈≈...###...##
..≈≈≈≈≈.........#
...≈≈♣≈≈.........#
...≈≈≈≈≈.........#
♣...≈≈≈....#######
♣.......#'##...##
♣...............
##++#
♣.............#
.....


You could see an ufetubus.

Vanquished Creatures
  A necrophage (D:5)
  A scorpion (D:5)
  An orc priest (D:6)
  A hound zombie (D:5)
  2 adders
  3 dart slugs (D:1)
  4 orcs (D:6)
  4 ball pythons (D:1)
  4 bats
  3 endoplasms (D:1)
  6 giant cockroaches
  3 goblins (D:1)
  4 hobgoblins
  2 quokkas (D:2)
  2 frilled lizards (D:2)
  6 kobolds
  3 rats
50 creatures vanquished.

Vanquished Creatures (others)
  28 foxfires
28 creatures vanquished.

Grand Total: 78 creatures vanquished

Notes
Turn   | Place    | Note
-------+----------+-------------------------------------------
     0 | D:1      | IndexError the Djinni Cinder Acolyte began the quest for
                  | the Orb.
     0 | D:1      | Reached XP level 1. HP: 20/20 MP: 0/0
   176 | D:1      | Reached XP level 2. HP: 23/25 MP: 0/0
   810 | D:1      | Found a faded altar of an unknown god.
   815 | D:1      | Reached XP level 3. HP: 27/30 MP: 0/0
   815 | D:1      | Learned a level 1 spell: Beastly Appendage
   843 | D:1      | Found a faded altar of an unknown god.
  1189 | D:1      | Reached skill level 3 in Spellcasting
  2049 | D:2      | Reached XP level 4. HP: 37/37 MP: 0/0
  2101 | D:2      | Found a hazy altar of Hepliaklqana.
  2995 | D:3      | Reached skill level 4 in Fighting
  3013 | D:3      | You are sucked into a shaft and drop 3 floors!
  3087 | D:6      | Found a sparkling altar of Nemelex Xobeh.
  3118 | D:6      | Reached XP level 5. HP: 18/41 MP: 0/0
  3118 | D:6      | Learned a level 2 spell: Poisonous Vapours
  3343 | D:5      | Entered Level 5 of the Dungeon
  3445 | D:5      | Noticed a necrophage
  3460 | D:5      | Killed a necrophage
  3461 | D:5      | Reached skill level 5 in Fighting
  3461 | D:5      | Reached skill level 4 in Spellcasting
  3461 | D:5      | Reached XP level 6. HP: 26/49 MP: 0/0
  3628 | D:5      | HP: 11/49 [ufetubus (5)]
  3629 | D:5      | HP: 2/49 [ufetubus (5)]
  3630 | D:5      | Slain by an ufetubus

Illustrated notes

Levels and vault maps discovered:
D:1:      evilmike_arrival_crescent, layout_loops_cross,
          hellmonk_ecumenical_altar_the_god_not_taken, st_stairs_1
D:2:      layout_loops_corners, basic_altar
D:3:      layout_basic, uniq_ijyb
D:5:      layout_gridville, lemuel_coloured_pillars_altar, elyvilon_altar_3,
          eat_drink_and_be_merry_uskayaw, kennysheep_generic_room_7
D:6:      layout_loops_corners, nemelex_xobeh_ov_fountains_minmay,
          minmay_temple_entry_stoned_glass, nicolae_wooded_promenade,
          uniq_duvessa, uniq_grinder

Skill      XL: |  1  2  3  4  5 |
---------------+----------------+-----
Spellcasting   | 3 4 |  4.0
Fighting       | 4 5 |  5.2
Long Blades    | |  2.6

Action                   |  1- 3 |  4- 6 || total
-------------------------+-------+-------++-------
Melee: Falchion          |    91 |    53 ||   144
 Cast: Scorch            |     5 |    12 ||    17
       Beastly Appendage |       |     3 ||     3
       Poisonous Vapours |       |     2 ||     2
Invok: Foxfire Swarm     |       |     2 ||     2
       Rising Flame      |       |     1 ||     1
 Stab: Sleeping          |       |     2 ||     2
Armor: Robe              |    25 |    15 ||    40
Dodge: Dodged            |    67 |    67 ||   134

Table legend: (Time is in decaauts)
 A = Elapsed time spent in this place.
 B = Non-inter-level travel time spent in this place.
 C = Inter-level travel time spent in this place.
 D = Time resting spent in this place.
 E = Time spent auto-exploring this place.
 F = Levels seen in this place.
 G = Mean time per level.
                   A        B        C        D        E       F      G
               +--------+--------+--------+--------+--------+-----+--------+
         Total |   3656 |   3399 |    257 |      0 |   3010 |   5 |  731.2 |
       Dungeon |   3656 |   3399 |    257 |      0 |   3010 |   5 |  731.2 |
               +--------+--------+--------+--------+--------+-----+--------+

Top non-repeatable levels by time:
     D:1: 1832 daAuts
     D:2: 1170 daAuts
     D:6: 329 daAuts
     D:5: 288 daAuts
     D:3: 35 daAuts

Table legend:
 A = Kills in this place as a percentage of kills in entire the game.
 B = Kills by you in this place as a percentage of kills by you in the entire game.
 C = Kills by friends in this place as a percentage of kills by friends in the entire game.
 D = Other kills in this place as a percentage of other kills in the entire game.
 E = Experience gained in this place as a percentage of experience gained in the entire game.
 F = Experience gained in this place divided by the number of levels of this place that you have seen.
                   A       B       C       D       E      F
               +-------+-------+-------+-------+-------+----------------------
         Total | 100.0 | 100.0 |   N/A |   N/A | 100.0 |  76.4
       Dungeon | 100.0 | 100.0 |   N/A |   N/A | 100.0 |  76.4
               +-------+-------+-------+-------+-------+----------------------
